Description

Nate makes vikings and tanks

Replay - 2019-09-26 - (T)Misery VS (T)Nathanias

Build Order

Get SALT Encoding   

  12  0:01  SCV  
  13  0:13  SCV  
  14  0:17  Supply Depot  
  14  0:26  SCV  
  15  0:29  Refinery  
  15  0:38  SCV  
  16  0:45  Barracks  
  16  0:50  SCV  
  16  0:55  Refinery  
  17  1:03  SCV  
  18  1:15  SCV  
  19  1:33  Orbital Command, Reaper  
  19  1:36  Factory  
  20  1:48  Supply Depot  
  20  1:59  SCV  
  21  2:05  Marine  
  22  2:11  SCV  
  23  2:23  SCV  
  23  2:24  Factory Tech Lab, Barracks Reactor  
  23  2:28  Command Center  
  24  2:41  Supply Depot  
  25  2:44  Cyclone  
  29  3:01  Marine x2  
  29  3:03  Starport  
  33  3:23  Marine x2  
  33  3:25  Refinery  
  36  3:31  Factory Tech Lab  
  36  3:41  Marine x2  
  37  3:42  Orbital Command  
  39  3:49  Raven  
  42  4:05  Marine x2, Siege Tank  
  49  4:11  Supply Depot x2  
  51  4:27  Marine  
  53  4:37  Raven  
  58  5:03  Siege Tank  
  63  5:17  Command Center  
  65  5:30  Viking x2  
  65  5:31  Refinery  
  70  5:38  Engineering Bay  
  70  5:41  Siege Tank  
  75  5:52  Factory  
  76  5:58  Factory  
  76  6:00  Viking  
  80  6:06  Viking  
  83  6:14  Siege Tank  
  88  6:31  Orbital Command  
  91  6:45  Viking x2  
  80  7:15  Viking x2  
  82  7:19  Orbital Command  
  79  7:22  Factory Reactor  
  79  7:24  Siege Tank x2  
  83  7:45  Viking x2  
  84  7:54  Hi-Sec Auto Tracking  
  84  7:57  Missile Turret x4  
  87  8:00  Siege Tank  
  90  8:06  Missile Turret  
  93  8:12  Missile Turret  
  93  8:15  Refinery x2  
  93  8:18  Armory x2  
  98  8:30  Sensor Tower  
  98  8:37  Missile Turret x4  
  98  8:42  Command Center  
  99  9:00  Factory x2  
  105  9:04  Engineering Bay  
  105  9:05  Hellion x4  
  105  9:07  Terran Ship Weapons Level 1, Terran Vehicle And Ship Armor Level 1  
  113  9:28  Sensor Tower  
  113  9:33  Siege Tank, Hellion x2  
  123  9:44  Command Center  
  123  9:53  Factory Reactor  
  123  9:54  Factory Tech Lab  
  123  9:56  Infernal Pre-Igniter  
Spawning Tool Build Advisor. Get it on Overwolf

Go to:

Details

  • Created by: Chanyman
  • Published on: Oct 19, 2019
  • Modified on: Oct 19, 2019
  • Patch: 4.7.1
Show
View Real Time Build Order
Export as new Build Order

Comments (0)

There are no comments. Be the first!

Create an account to comment!